 Dungeon Crawl Stone Soup version 0.21.1-1-g345015f (webtiles) character file.

3332 teukkam the Grappler (level 9, -8/97 HPs)
             Began as a Troll Monk on June 20, 2018.
             Mangled by a two-headed ogre
             ... wielding a +0 giant club
              (15 damage)
             ... on level 9 of the Dungeon.
             The game lasted 00:18:30 (2917 turns).

teukkam the Grappler (Troll Monk)                   Turns: 2917, Time: 00:18:31

Health: -8/97      AC:  7    Str: 24    XL:     9   Next: 71%
Magic:  8/8        EV: 10    Int:  6    God:
Gold:   227        SH:  0    Dex: 12    Spells: 8/8 levels left

rFire    . . .     SeeInvis +     - Unarmed
rCold    . . .     Gourm    +   (no shield)
rNeg     . . .     Faith    .   a - +0 robe
rPois    .         Spirit   .   (helmet restricted)
rElec    .         Reflect  .   (no cloak)
rCorr    .         Harm     .   (gloves unavailable)
MR       .....                  (boots unavailable)
Stlth    ++........             (no amulet)
HPRegen  1.06/turn              (no ring)
MPRegen  0.11/turn              (no ring)

@: no status effects
A: large, unfitting armour, claws 3, slimy green scales 1, see invisible, fast
metabolism 3, gourmand, regeneration 2, shaggy fur 1, tough skin 2, wild magic 1
a: no special abilities


You were on level 9 of the Dungeon.
You were very full.

You visited 1 branch of the dungeon, and saw 10 of its levels.
You also visited: Sewer.

You collected 227 gold pieces.

Inventory:

Hand Weapons
 f - a +0 blowgun
 t - a +0 hunting sling
 w - a +0 whip of freezing
 x - a +2 dagger of venom
Missiles
 c - 43 poisoned needles
 y - 58 sling bullets
 B - 5 tomahawks (quivered)
Armour
 a - a +0 robe (worn)
Wands
 p - a wand of clouds (5)
 z - a wand of flame (28)
Scrolls
 d - 2 scrolls of amnesia
 g - a scroll of identify
 i - 4 scrolls of teleportation
 l - 2 scrolls of remove curse
 m - 2 scrolls of immolation
 o - 3 scrolls of magic mapping {unknown}
 q - a scroll of fog {unknown}
 s - 2 scrolls of blinking {unknown}
Potions
 e - a potion of brilliance {unknown}
 h - 3 potions of heal wounds
 j - 3 potions of curing {unknown}
 k - 3 potions of flight {unknown}
 n - a potion of mutation
 r - a potion of invisibility {unknown}
 u - a potion of agility {unknown}
 v - a potion of cancellation {unknown}
Comestibles
 b - 8 rations


   Skills:
 + Level 8.6 Fighting
 - Level 2.4 Dodging
 - Level 1.0 Stealth
 + Level 10.2 Unarmed Combat


You had 8 spell levels left.
You didn't know any spells.

Dungeon Overview and Level Annotations

Branches:
Dungeon (10/15)
 Temple: D:4-7         Lair: D:8-11         Orc: D:9-12

Altars:
Elyvilon
Fedhas
Uskayaw

Annotations:
D:8 Ethylacetat's ghost, novice DsMo


Innate Abilities, Weirdness & Mutations

You are too large for most types of armour.
You have claws for hands.
Your metabolism is lightning-fast.
You like to eat raw meat.
You heal very quickly.
You are covered in fur. (AC +1)
You have very tough skin. (AC +2)
You are partially covered in slimy green scales. (AC +2)
You have supernaturally acute eyesight. (SInv)
Your spells are a little harder to cast, but a little more powerful.


Message History

You claw the two-headed ogre!
The two-headed ogre is heavily wounded.
The two-headed ogre barely misses you.
The two-headed ogre hits you with a giant club.
You barely miss the two-headed ogre.
The two-headed ogre is heavily wounded.
You claw the two-headed ogre!
The two-headed ogre is severely wounded.
The two-headed ogre hits you with a giant club!!
* * * LOW HITPOINT WARNING * * *
The two-headed ogre hits you with a giant club!
* * * LOW HITPOINT WARNING * * *
You hear two shouts!
You hear a shout! x2
A two-headed ogre comes into view. It is wielding two giant clubs.
As you read the scroll labeled KARAGO YSTRU, it crumbles to dust.
You feel blessed for a moment.
It was a scroll of remove curse.
The two-headed ogre closely misses you.
The two-headed ogre hits you with a giant club!
You die...

...$.
..#.
....# ##
....#
###....
.O..#
#O.# .#
#h# #.#
#O# #.#
#@# #.#
#.# #.#
#.####.#
#.(....#
#####..##
#...#
#.#.#
#.#.#
#.#.#


You could see 3 two-headed ogres and a black bear.

Vanquished Creatures
  Pikel (D:7)
  Joseph (D:7)
  A centaur skeleton (D:7)
  Grinder (D:6)
  Menkaure (D:7)
  Duvessa (D:6)
  Purgy (Sewer)
  An orc warrior (D:7)
  A phantom (D:9)
  2 ogres
  A centaur (D:4)
  2 bullfrogs (D:7)
  A gnoll sergeant (D:9)
  A water moccasin zombie (D:6)
  Dowan (D:6)
  2 scorpions (D:7)
  3 crimson imps
  4 hounds
  2 jellies
  5 orc priests
  4 orc wizards
  3 bullfrog skeletons
  2 worker ants
  A worker ant zombie (D:7)
  12 gnolls
  7 adders
  An adder skeleton (D:6)
  A dart slug (D:3)
  2 leopard geckos
  13 orcs
  2 bats (D:1)
  2 giant cockroaches
  7 jackals
  3 kobolds
  3 quokkas
  A ball python (D:5)
  2 frilled lizards (Sewer)
  A jackal zombie (D:8)
  A leopard gecko skeleton (D:4)
  A quokka zombie (D:5)
  A rat (D:1)
103 creatures vanquished.

Vanquished Creatures (collateral kills)
  A sky beast (D:7)
1 creature vanquished.

Vanquished Creatures (others)
  A jackal (D:4)
1 creature vanquished.

Grand Total: 105 creatures vanquished

Notes
Turn   | Place    | Note
-------+----------+-------------------------------------------
     0 | D:1      | teukkam the Troll Monk began the quest for the Orb.
     0 | D:1      | Reached XP level 1. HP: 22/22 MP: 0/0
   158 | D:4      | Noticed a centaur
   163 | D:4      | Reached XP level 2. HP: 29/29 MP: 1/1
   170 | D:4      | Noticed an ogre
   170 | D:4      | Killed a centaur
   170 | D:4      | Reached skill level 4 in Unarmed Combat
   170 | D:4      | Reached XP level 3. HP: 20/37 MP: 2/2
   170 | D:4      | Reached XP level 4. HP: 25/45 MP: 3/3
   214 | D:4      | Killed an ogre
   214 | D:4      | Reached XP level 5. HP: 54/54 MP: 4/4
   227 | D:4      | Gained mutation: You have an increased reservoir of magic. (+10% MP) [potion of mutation]
   227 | D:4      | Gained mutation: Your flesh is heat resistant. (rF+) [potion of mutation]
   340 | D:4      | Reached skill level 5 in Unarmed Combat
   346 | D:4      | Found a glowing drain.
   381 | Sewer    | Entered a sewer
   422 | Sewer    | Noticed Purgy
   430 | Sewer    | Killed Purgy
   430 | Sewer    | Reached XP level 6. HP: 42/63 MP: 5/5
   435 | Sewer    | Lost mutation: You have an increased reservoir of magic. (+10% MP) [potion of mutation]
   435 | Sewer    | Lost mutation: Your flesh is heat resistant. (rF+) [potion of mutation]
   435 | Sewer    | Gained mutation: You have a somewhat thin skeletal structure. (Dex +2, Stealth) [potion of mutation]
   435 | Sewer    | Gained mutation: Your muscles are strong. (Str +2) [potion of mutation]
   435 | Sewer    | Gained mutation: You are clumsy. (Dex -2) [potion of mutation]
   435 | Sewer    | Gained mutation: You heal very quickly. [potion of mutation]
   528 | Sewer    | Lost mutation: You are clumsy. (Dex -2) [potion of mutation]
   528 | Sewer    | Lost mutation: You have a somewhat thin skeletal structure. (Dex +2, Stealth) [potion of mutation]
   528 | Sewer    | Lost mutation: Your muscles are strong. (Str +2) [potion of mutation]
   528 | Sewer    | Gained mutation: You have a pair of small horns on your head. [potion of mutation]
   528 | Sewer    | Gained mutation: You have sharp toenails. [potion of mutation]
   528 | Sewer    | Gained mutation: You have supernaturally acute eyesight. (SInv) [potion of mutation]
   564 | D:5      | Entered Level 5 of the Dungeon
   767 | D:5      | Reached skill level 5 in Fighting
   767 | D:5      | Reached skill level 6 in Unarmed Combat
   767 | D:5      | Reached XP level 7. HP: 72/72 MP: 6/6
  1313 | D:6      | Noticed Dowan
  1315 | D:6      | Noticed Duvessa
  1321 | D:6      | Killed Duvessa
  1321 | D:6      | Reached skill level 7 in Unarmed Combat
  1338 | D:6      | Killed Dowan
  1338 | D:6      | Reached XP level 8. HP: 70/83 MP: 7/7
  1450 | D:7      | Noticed Menkaure
  1478 | D:6      | Noticed Grinder
  1486 | D:6      | Killed Grinder
  1719 | D:6      | Reached skill level 8 in Unarmed Combat
  1779 | D:6      | Found a blossoming altar of Fedhas.
  1985 | D:7      | Found a hide-covered altar of Uskayaw.
  2073 | D:7      | Lost mutation: You have a pair of small horns on your head. [potion of mutation]
  2073 | D:7      | Lost mutation: You have sharp toenails. [potion of mutation]
  2073 | D:7      | Gained mutation: You are partially covered in slimy green scales. (AC +2) [potion of mutation]
  2073 | D:7      | Gained mutation: Your spells are a little harder to cast, but a little more powerful. [potion of mutation]
  2136 | D:7      | Killed Menkaure
  2229 | D:7      | Noticed Pikel
  2263 | D:7      | Killed Pikel
  2263 | D:7      | Reached skill level 9 in Unarmed Combat
  2263 | D:7      | Reached XP level 9. HP: 85/93 MP: 8/8
  2331 | D:7      | Noticed Joseph
  2337 | D:7      | Killed Joseph
  2485 | D:7      | Reached skill level 10 in Unarmed Combat
  2646 | D:9      | Found a white marble altar of Elyvilon.
  2729 | D:10     | Entered Level 10 of the Dungeon
  2750 | D:8      | Noticed Ethylacetat's ghost (novice DsMo)
  2904 | D:9      | Noticed a two-headed ogre
  2907 | D:9      | Noticed a two-headed ogre
  2915 | D:9      | HP: 4/97 [two-headed ogre/giant club (16)]
  2917 | D:9      | Noticed a two-headed ogre
  2917 | D:9      | Mangled by a two-headed ogre

Skill      XL: |  1  2  3  4  5  6  7  8  9 |
---------------+----------------------------+-----
Fighting       | 3 4 5 6 7 8 |  8.6
Unarmed Combat | 4 5 6 7 9 10 | 10.2
Dodging        | |  2.4
Stealth        | |  1.0

Action                   |  1- 3 |  4- 6 |  7- 9 || total
-------------------------+-------+-------+-------++-------
Melee: Unarmed           |    26 |    51 |   190 ||   267
       Kick              |       |     4 |    21 ||    25
       Headbutt          |       |     2 |    14 ||    16
       Punch             |       |     2 |     9 ||    11
Throw: Tomahawk          |       |       |     5 ||     5
Evoke: Wand              |       |       |     3 ||     3
  Use: Scroll            |       |     3 |     3 ||     6
       Potion            |       |     3 |     2 ||     5
 Stab: Sleeping          |     1 |     3 |     1 ||     5
  Eat: Chunk             |       |    13 |    17 ||    30
Armor: Robe              |    11 |    19 |    51 ||    81
Dodge: Dodged            |    19 |    21 |    74 ||   114
